 Dungeon Crawl Stone Soup version 0.29-a0-909-g30c7767f5c (webtiles) character file.

Game seed: 12588721935444951230

5210 bradfordvine the Protected (level 10, -4/64 HPs)
             Began as a Gargoyle Berserker on July 25, 2022.
             Was a Priest of Trog.
             Slain by an orc warrior
             ... wielding a +0 halberd
              (10 damage)
             ... on level 8 of the Dungeon.
             The game lasted 00:15:38 (9441 turns).

bradfordvine the Protected (Gargoyle Berserker)     Turns: 9441, Time: 00:15:39

Health: -4/64      AC: 31    Str: 23    XL:     10   Next: 61%
Magic:  10/10      EV: 12    Int:  8    God:    Trog [***...]
Gold:   444        SH:  5    Dex: 11    Spells: 9/9 levels left

rFire   . . .      SeeInvis .   E - +2 trident (vamp)
rCold   . . .      Faith    .   (no shield)
rNeg    + . .      Spirit   .   i - +0 scale mail
rPois   ∞          Reflect  +   u - +1 helmet
rElec   +          Harm     .   (no cloak)
rCorr   .          Rampage  .   y - +1 pair of gloves
Will    ++...                   h - +1 pair of boots
Stlth   ..........              r - amulet of reflection
HPRegen 1.20/turn               n - +4 ring of protection
MPRegen 0.12/turn               F - +4 ring of protection

@: strong-willed, on berserk cooldown, regenerating, hasted and slowed
A: sickness immunity, AC +7, negative energy resistance 1, electricity
resistance, torment resistance 1, petrification resistance
a: Renounce Religion, Berserk, Trog's Hand


You were on level 8 of the Dungeon.
You worshipped Trog.
Trog was most pleased with you.
You visited 1 branch of the dungeon, and saw 8 of its levels.
You also visited: Sewer.

You collected 444 gold pieces.

Inventory:

Hand Weapons
 a - a +1 hand axe
 t - the +8 short sword "Yfemnu Ceakh" {flame, Will- rCorr Int+3}
   (You found it on level 3 of the Dungeon)

   It burns those it strikes, dealing additional fire damage.
   Int:       It affects your intelligence (+3).
   rCorr:     It protects you from acid and corrosion.
   Will:      It decreases your willpower.
 E - a +2 vampiric trident (weapon)
Missiles
 d - 18 poisoned darts (quivered)
 j - 12 javelins
Armour
 h - a +1 pair of boots (worn)
 i - a +0 scale mail (worn)
 u - a +1 helmet (worn)
 y - a +1 pair of gloves (worn)
Jewellery
 g - an amulet of guardian spirit
 n - a +4 ring of protection (left hand)
 o - an amulet of the acrobat
 r - an amulet of reflection (around neck)
 x - an amulet of magic regeneration
 B - a ring of fire
 F - a +4 ring of protection (right hand)
Wands
 e - a wand of charming (13)
 D - a wand of flame (30)
Scrolls
 c - 2 scrolls of amnesia
 l - 2 scrolls of poison {unknown}
 p - a scroll of teleportation {unknown}
 q - 2 scrolls of silence {unknown}
 v - a scroll of fear
 w - 2 scrolls of summoning {unknown}
 z - a scroll of fog
 A - 2 scrolls of vulnerability {unknown}
 G - 2 scrolls of identify
Potions
 k - 2 potions of brilliance
 m - 5 potions of flight
 s - a potion of invisibility
 C - a potion of resistance


   Skills:
 * Level 7.9 Fighting
 + Level 6.5 Short Blades
 + Level 4.6 Axes
 + Level 0.3(2.8) Polearms
 * Level 9.4 Armour
 * Level 5.9 Dodging
 + Level 2.1 Stealth
 + Level 1.9 Shields


You had 9 spell levels left.
You didn't know any spells.
Your spell library was empty.

Dungeon Overview and Level Annotations

Branches:
Dungeon (8/15)             Temple (0/1) D:7           Sewer (visited)
   Lair: D:8-11

Altars:
Ashenzari
Elyvilon
Sif Muna
Vehumet

Shops:
D:3 (


Innate Abilities, Weirdness & Mutations

You are immune to sickness and miasma.
Your stone body is resilient. (AC +7)
You are immune to poison.
You resist negative energy. (rN+)
You are resistant to electric shocks. (rElec)
You are resistant to unholy torment.
You are immune to petrification.


Message History

The orc priest invokes the aid of Beogh against you.
Beogh smites you!
* * * LOW HITPOINT WARNING * * *
The killer bee completely misses you.
You feel better. You block the killer bee's attack. x2
The orc warrior closely misses you.
The killer bee stings you but does no damage.
The orc warrior closely misses you.
You feel yourself speed up.
The killer bee stings you but does no damage.
The killer bee stings you.
* * * LOW HITPOINT WARNING * * *
The orc warrior hits you but does no damage.
The orc priest calls upon Beogh to heal the orc warrior.
The orc warrior's wounds heal themselves!
The killer bee stings you but does no damage.
You hit the killer bee.
The killer bee is lightly wounded.
The killer bee barely misses you. x2; The orc warrior closely misses you.
The orc priest miscasts a cantrip.
The orc warrior hits you but does no damage.
You block the killer bee's attack.
You barely miss the killer bee.
The killer bee is lightly wounded.
The killer bee stings you but does no damage.
The killer bee barely misses you.
The orc warrior hits you from afar with a +0 halberd.
* * * LOW HITPOINT WARNING * * *
Your skin crawls.
You feel strong-willed. The killer bee barely misses you.
The killer bee stings you.
* * * LOW HITPOINT WARNING * * *
The orc warrior hits you but does no damage.
You closely miss the killer bee.
The killer bee is lightly wounded.
The killer bee stings you.
* * * LOW HITPOINT WARNING * * *
The killer bee barely misses you.
The orc warrior hits you from afar with a +0 halberd!
You die...

.# .... .# ..# # ##
..######.. #........y
#......... #.........
#.........
################o...<....
#.............@yyo.......
#.################.#.#.##
#.# .# # #.# ## #.# #.#
#.# ###.# ....#


You could see an orc warrior, 2 killer bees and an orc priest.

Vanquished Creatures
  A komodo dragon (D:8)
  Sigmund (D:3)
  A yak (D:8)
  2 steam dragons (D:8)
  Menkaure (D:7)
  7 water moccasins
  2 orc warriors
  3 ice beasts
  A black bear (D:6)
  5 ogres
  2 centaurs
  3 phantoms
  4 bullfrogs
  5 scorpions
  13 wights
  A killer bee (D:8)
  A howler monkey (D:6)
  4 orc priests
  3 hounds
  A gnoll bouda (D:4)
  A jelly (D:6)
  5 iguanas
  6 orc wizards
  6 gnolls (D:4)
  7 river rats
  13 adders
  3 white imps
  An ufetubus (D:5)
  7 worms
  2 dart slugs (D:1)
  32 orcs
  12 bats
  3 endoplasms
  7 giant cockroaches
  5 goblins
  5 hobgoblins
  7 jackals
  2 quokkas
  9 ball pythons
  6 frilled lizards
  5 kobolds
  9 rats
214 creatures vanquished.

Vanquished Creatures (others)
  6 fungi (D:8)
  3 plants (D:8)
9 creatures vanquished.

Grand Total: 223 creatures vanquished

Notes
Turn   | Place    | Note
-------+----------+-------------------------------------------
     0 | D:1      | bradfordvine the Gargoyle Berserker began the quest for the
                  | Orb.
     0 | D:1      | Reached XP level 1. HP: 14/14 MP: 1/1
   574 | D:1      | Reached XP level 2. HP: 19/19 MP: 2/2
  1094 | D:1      | Reached XP level 3. HP: 24/24 MP: 3/3
  1875 | D:3      | Reached ** piety under Trog
  1879 | D:3      | Reached XP level 4. HP: 29/29 MP: 4/4
  1906 | D:3      | Reached skill level 3 in Armour
  1943 | D:3      | Found a broken altar of Ashenzari.
  1971 | D:3      | Found Imujau's Antique Weapon Emporium.
  2038 | D:3      | Found a radiant altar of Vehumet.
  2052 | D:3      | Identified the +8 short sword "Yfemnu Ceakh" {flame, Will-
                  | rCorr Int+3}
  2164 | D:3      | Noticed Sigmund
  2179 | D:3      | Killed Sigmund
  2180 | D:3      | Reached XP level 5. HP: 34/34 MP: 5/5
  2180 | D:3      | Reached XP level 6. HP: 39/39 MP: 6/6
  2715 | D:4      | Found a glowing drain.
  2723 | D:4      | Reached skill level 4 in Armour
  2744 | Sewer    | Entered a sewer
  3713 | D:4      | Reached *** piety under Trog
  3786 | D:4      | Reached skill level 1 in Short Blades
  3786 | D:4      | Reached XP level 7. HP: 39/44 MP: 7/7
  4455 | D:4      | Reached skill level 5 in Armour
  4756 | D:4      | Reached skill level 5 in Fighting
  5071 | D:5      | Entered Level 5 of the Dungeon
  5077 | D:5      | Reached XP level 8. HP: 49/49 MP: 8/8
  5118 | D:5      | Reached skill level 6 in Armour
  5387 | D:5      | Reached skill level 1 in Stealth
  5433 | D:5      | Found a white marble altar of Elyvilon.
  5844 | D:5      | Reached skill level 7 in Armour
  6528 | D:6      | Reached XP level 9. HP: 50/55 MP: 9/9
  7313 | D:6      | Reached skill level 8 in Armour
  7995 | D:7      | Reached skill level 5 in Short Blades
  8044 | D:7      | Found a staircase to the Ecumenical Temple.
  8093 | D:7      | Reached skill level 5 in Dodging
  8129 | D:7      | Reached XP level 10. HP: 61/61 MP: 10/10
  8208 | D:7      | Reached skill level 9 in Armour
  8208 | D:7      | Reached skill level 1 in Shields
  8259 | D:7      | Noticed Menkaure
  8270 | D:7      | Killed Menkaure
  8620 | D:7      | Found a shimmering blue altar of Sif Muna.
  9441 | D:8      | Slain by an orc warrior

Illustrated notes

Levels and vault maps discovered:
D:1:      dpeg_arrival_snail, layout_loops_ring, minmay_misc_feat_room,
          st_stairs_5, minmay_misc_feat_five, chequers_serial_rivers_marsh
D:2:      layout_rooms
D:3:      layout_loops_ring, lemuel_tele_altar, nicolae_vehumet_altar_sigil,
          serial_shops, shop_statue, uniq_sigmund
D:4:      layout_layer_cave, portal_sewer_entry_a
D:5:      layout_cave_pods, mainiacjoe_overflow_cross_hatched
D:6:      minmay_chambers_of_fours, layout_basic, kennysheep_cross_room
D:7:      layout_loops_ring, lemuel_coloured_pillars_altar,
          minmay_temple_entry_large_hall, serial_aquarium,
          aquarium_bridge_straight [aquarium_subvault_bridge,
          aquarium_subvault_window, aquarium_subvault_bridge,
          aquarium_subvault_window], aquarium_window_2, aquarium_window_1,
          aquarium_view_2f, aquarium_balcony_3a, aquarium_pool_four,
          grunt_ministairs_4, uniq_menkaure
D:8:      layout_basic, grunt_lair_entry_orc_guard_hut

Skill      XL: |  1  2  3  4  5  6  7  8  9 10 |
---------------+-------------------------------+-----
Axes           | 3 4 |  4.6
Fighting       | 4 5 6 7 |  7.9
Armour         | 3 4 5 7 8 9 |  9.4
Dodging        | 2 3 4 5 |  5.9
Short Blades   | 1 2 4 5 6 |  6.5
Stealth        | 1 2 |  2.1
Shields        | 1 |  1.9
Polearms       | |  0.3

Action                   |  1- 3 |  4- 6 |  7- 9 | 10-12 || total
-------------------------+-------+-------+-------+-------++-------
Melee: Hand axe          |   122 |    98 |       |       ||   220
       Punch             |     1 |     2 |     2 |     4 ||     9
       Short sword       |       |   168 |   336 |   119 ||   623
       Trident           |       |       |       |    81 ||    81
Invok: Trog's Hand       |       |     3 |     8 |     6 ||    17
       Berserk           |       |     2 |     3 |     2 ||     7
  Use: Scroll            |       |     5 |     6 |     4 ||    15
       Potion            |       |       |     1 |     2 ||     3
Armor: Scale mail        |    66 |   181 |   185 |    99 ||   531
Dodge: Dodged            |    57 |   223 |   153 |   103 ||   536
Block: Other             |       |       |    16 |    55 ||    71
       Reflection        |       |       |       |     1 ||     1

Table legend: (Time is in decaauts)
 A = Elapsed time spent in this place.
 B = Non-inter-level travel time spent in this place.
 C = Inter-level travel time spent in this place.
 D = Time resting spent in this place.
 E = Time spent auto-exploring this place.
 F = Levels seen in this place.
 G = Mean time per level.
                   A        B        C        D        E       F      G
               +--------+--------+--------+--------+--------+-----+--------+
         Total |   9664 |   9498 |    166 |    408 |   7268 |   9 | 1073.8 |
       Dungeon |   8652 |   8486 |    166 |    374 |   6552 |   8 | 1081.5 |
         Sewer |   1012 |   1012 |      0 |     34 |    716 |   1 | 1012.0 |
               +--------+--------+--------+--------+--------+-----+--------+

Top non-repeatable levels by time:
     D:4: 1572 daAuts
     D:5: 1447 daAuts
     D:6: 1231 daAuts
     D:1: 1227 daAuts
     D:7: 1060 daAuts
   Sewer: 1012 daAuts
     D:3: 839 daAuts
     D:2: 665 daAuts
     D:8: 607 daAuts
